[Event "*** SCC Grand Prix: Titled Tuesday Blitz"]
[Site "Chess.com"]
[Date "2020.10.06"]
[Round "5"]
[White "Gerasimenyuk_Miha"]
[Black "Harry_Rakkel"]
[Result "0-1"]
[WhiteElo "2416"]
[BlackElo "2580"]
[TimeControl "180+1"]
[EndTime "10:58:14 PDT"]
[Termination "Harry_Rakkel won by resignation"]

1. d4 Nf6 2. Nf3 b6 3. Bg5 Ne4 4. Bh4 Bb7 5. e3 d6 6. Nbd2 Nd7 7. Nxe4 Bxe4 8. Bd3 Bb7 9. c3 h6 10. Qc2 g5 11.
Bg3 e6 12. O-O-O Nf6 13. e4 Nh5 14. e5 Qd7 15. exd6 cxd6 16. Kb1 O-O-O 17. Be4 f5 18. Bxb7+ Qxb7 19. h4 g4 20. Ne1 f4 21. Bh2 Qf7 22. f3 g3 23. Bg1 d5 24. Nd3 Bd6 25.
Re1 Kb7 26. a4 Rhe8 27. Ne5 Qf5 28. Kc1 Qxc2+ 29. Kxc2 Rc8 30. Kd3 Ng7 31. Nf7 Nf5 32. h5 Bf8 33. Ne5 a6 34. Ng6 Bd6 35. Re5 Bxe5 36.
dxe5 Rc4 37. Bd4 Rxa4 38. Nxf4 Nxd4 39. cxd4 Rb4 40. Rh3 Rxb2 41. Rxg3 a5 42. Kc3 Rb5 43. Rg6 a4 44. Rxe6 Rc8+ 45. Kd2 a3 46. Re7+ Ka6 47. Ne6 a2 48. Nc7+ Rxc7 49. Rxc7 a1=Q 50. Ke3 Qe1+ 51. Kf4 Qh4+ 52. g4 Rb3 53. Kf5 Qg5+ 54. Ke6 Rxf3 55. Kxd5 Rd3 56. Rc8 Qxg4 57. Ra8+ Kb7 58.
Rf8 Qxd4+ 59. Ke6 Qd7+ 60. Kf6 Rf3+ 0-1

[Event "*** SCC Grand Prix: Titled Tuesday Blitz"]
[Site "Chess.com"]
[Date "2020.10.06"]
[Round "5"]
[White "HrvojeZagreb"]
[Black "Ranindu2003"]
[Result "0-1"]
[WhiteElo "2139"]
[BlackElo "2594"]
[TimeControl "180+1"]
[EndTime "10:58:15 PDT"]
[Termination "Ranindu2003 won on time"]

1. d4 Nf6 2. Bf4 e6 3. e3 d5 4. Nf3 c5 5. Nc3 a6 6. a3 Nc6 7.
Ne5 Bd6 8. Nxc6 bxc6 9. Bxd6 Qxd6 10. Be2 O-O 11. Na4 cxd4 12. exd4 e5 13. dxe5 Qxe5 14.
O-O Re8 15. Bf3 Qg5 16. c4 Rb8 17. b4 Be6 18. cxd5 Nxd5 19. Nc5 a5 20. bxa5 Bh3 21. Kh1 Nf4 22. gxh3 Qxc5 23. Qd2 Nxh3 24. Rac1 Qf5 25.
Bxc6 Red8 26. Qe3 Rd6 27. Bg2 Nf4 28. Rfd1 Rxd1+ 29. Rxd1 Nxg2 30. Kxg2 Qxa5 31. Qd2 Qa8+ 32. Qd5 Qxa3 33. Rd3 Qa8 34. f3 g6 35. Qxa8 Rxa8 36. Rd7 Ra6 37. Kg3 Kg7 38. h3 Re6 39. h4 Kf6 40.
Rc7 Re7 41. Rc6+ Ke5 42. Rc8 f5 43. Rc4 Kf6 44. Rb4 h6 45. Rb6+ Re6 46. Rb5 g5 47.
hxg5+ hxg5 48. Rc5 Re5 49. Rc6+ Re6 50. Rc5 Ra6 51.
Rb5 Kg6 52. Rc5 Ra1 53. Rc6+ Kh5 54. Rc8 f4+ 55. Kg2 Ra2+ 56. Kh3 Rf2 57. Rc3 Re2 58. Rd3 Re3 59. Rxe3 fxe3 60. Kg2 g4 61. fxg4+ Kxg4 0-1

[Event "*** SCC Grand Prix: Titled Tuesday Blitz"]
[Site "Chess.com"]
[Date "2020.10.06"]
[Round "5"]
[White "swimmerchess"]
[Black "PSvidler"]
[Result "1/2-1/2"]
[WhiteElo "2820"]
[BlackElo "2907"]
[TimeControl "180+1"]
[EndTime "10:58:16 PDT"]
[Termination "Game drawn - insufficient material"]

1. e4 c5 2. Nf3 e6 3. d4 cxd4 4.
Nxd4 a6 5. Nc3 Qc7 6. Bd3 Bc5 7. Nb3 Be7 8. O-O Nf6 9. Qe2 d6 10. f4 Nbd7 11. Kh1 O-O 12. Bd2 b5 13. a4 b4 14. Na2 a5 15. c3 bxc3 16. Nxc3 Bb7 17. Rac1 Qb8 18. Nb5 d5 19. e5 Ne4 20. Bxa5 Ba6 21.
Bc7 Qc8 22. Bd6 Qd8 23. Bxe7 Qxe7 24. Bxe4 dxe4 25. Qxe4 Nb6 26. N3d4 Qb4 27. b3 Bxb5 28. axb5 Rfd8 29. Rfd1 Rd5 30. Rd3 Rad8 31. Rcd1 Nc8 32.
g3 Na7 33. Qe3 Qc5 34. b4 Qxb4 35. Nc6 Rxd3 36. Rxd3 Qb1+ 37. Kg2 Qxd3 38. Qxa7 Qe2+ 39. Qf2 Qxf2+ 40. Kxf2 Rd2+ 41. Ke3 Rb2 42. Nd4 Kf8 43. Kd3 Ke7 44. h4 Kd7 45. g4 Rf2 46. Ke3 Rh2 47. h5 g6 48. hxg6 hxg6 49. Nf3 Rb2 50. Nd4 Kc7 51. f5 gxf5 52. gxf5 exf5 53. Nxf5 Rxb5 54. Ke4 Kd7 55. Nd6 Rb1 56. Nxf7 Re1+ 57. Kf5 Rf1+ 58.
Kg6 Ke6 59. Ng5+ Kxe5 60. Nf7+ Ke6 61. Ng5+ Ke7 62. Nh7 Rg1+ 63. Ng5 Rg2 64. Kf5 Rf2+ 65. Ke5 Re2+ 66. Ne4 Rxe4+ 67. Kxe4 1/2-1/2

[Event "*** SCC Grand Prix: Titled Tuesday Blitz"]
[Site "Chess.com"]
[Date "2020.10.06"]
[Round "5"]
[White "Abdimalik_Abdisalimov"]
[Black "Savagelittlemole"]
[Result "0-1"]
[WhiteElo "2739"]
[BlackElo "2599"]
[TimeControl "180+1"]
[EndTime "10:58:21 PDT"]
[Termination "Savagelittlemole won on time"]

1. d4 Nf6 2. c4 g6 3. f3 Bg7 4. e4 O-O 5. Nc3 d6 6. Nge2 c5 7. d5 e6 8. Ng3 exd5 9. cxd5 a6 10. a4 Re8 11. Be2 h5 12. O-O h4 13. Nh1 Nbd7 14. Nf2 Rb8 15. Bg5 Qb6 16. Rb1 Nh5 17. f4 Ndf6 18.
Qd2 c4 19. Kh1 Ng3+ 20. hxg3 hxg3 21. Nh3 Bxh3 22. Bxf6 Bd7 23. Bh4 Bd4 24. f5 Kg7 25. fxg6 fxg6 26. Qf4 Rf8 27. Qxg3 Rh8 28. Qg5 Rxh4+ 29.
Qxh4 Rh8 30. Qxh8+ Kxh8 31. Rf8+ Kg7 32. Rbf1 Qxb2 33. R8f7+ Kh6 34. Rxd7 Bxc3 35. Bxc4 Be5 36. Rdf7 Qd2 37. R1f3 Qe1+ 38. Bf1 b5 39. Rh3+ Kg5 40. axb5 axb5 41. Rff3 Bf4 42. Kg1 Qd2 43. Rb3 Qe1 44.
Rhf3 Kg4 45. g3 Be5 46. Kg2 Bd4 47. Rbd3 Qc1 48. Rf4+ Kg5 49. Be2 Qb2 50. Kf1 Bc5 51. Rg4+ Kf6 52. e5+ Kxe5 53. Rf4 Qc1+ 54. Rd1 Qc3 55.
Rd3 Qc1+ 56. Bd1 Qb2 57. Rff3 Qc1 58. Ke1 Qb2 59. Kf1 Bb4 0-1

[Event "*** SCC Grand Prix: Titled Tuesday Blitz"]
[Site "Chess.com"]
[Date "2020.10.06"]
[Round "5"]
[White "Klavdia_Nik"]
[Black "esskeettit"]
[Result "0-1"]
[WhiteElo "2152"]
[BlackElo "2421"]
[TimeControl "180+1"]
[EndTime "10:58:21 PDT"]
[Termination "esskeettit won on time"]

1. Nf3 c5 2. c4 Nc6 3. d4 cxd4 4. Nxd4 g6 5. Nc3 Bg7 6. Nb3 Nf6 7. e4 d6 8. Be2 O-O 9. O-O Be6 10. Be3 Rc8 11. Rc1 Ne5 12. Nd2 Nxc4 13. Nxc4 Bxc4 14. Bxc4 Rxc4 15.
Qb3 Rc7 16. Bxa7 Qd7 17. Bd4 Rfc8 18. a4 Rc4 19. Rcd1 Ne8 20. Bxg7 Nxg7 21. Nd5 R4c6 22. Nb6 Rxb6 23. Qxb6 Qxa4 24. Qxb7 Re8 25. Ra1 Qc2 26. Ra8 h5 27. Rxe8+ Nxe8 28. Qxe7 Ng7 29. Qxd6 Qxb2 30. Qd8+ Kh7 31. Qe7 Qb3 32. h3 Kg8 33. Rc1 Ne6 34. Qf6 Qb7 35. Rd1 Qxe4 36. Rd7 Qb1+ 37. Kh2 Qb8+ 38.
g3 Qe8 39. Re7 Qf8 40. Rxe6 fxe6 41. Qxg6+ Qg7 42. Qxe6+ Kh7 43. Qf5+ Kh6 44. g4 Qc7+ 45. Kg2 hxg4 46. hxg4 Qc6+ 47. Qf3 Qd6 48. Qe3+ Kg6 49.
f4 Qb4 50. f5+ Kg7 51. Kg3 Qd6+ 52. Qf4 Qd3+ 53. Kh4 Qd1 54. Qe5+ Kg8 55. Qe6+ Kf8 56. Qf6+ Kg8 57. Qg6+ Kf8 58. Qf6+ Kg8 59. Kg5 Qd2+ 60. Kg6 Qh6+ 0-1

[Event "*** SCC Grand Prix: Titled Tuesday Blitz"]
[Site "Chess.com"]
[Date "2020.10.06"]
[Round "5"]
[White "rpragchess"]
[Black "verdest"]
[Result "1-0"]
[WhiteElo "2922"]
[BlackElo "2659"]
[TimeControl "180+1"]
[EndTime "10:58:22 PDT"]
[Termination "rpragchess won by resignation"]

1. Nf3 Nf6 2. d4 e6 3. Bf4 b6 4. e3 c5 5. Nbd2 Be7 6. h3 O-O 7. Bd3 cxd4 8. exd4 Ba6 9. Bxa6 Nxa6 10. O-O d5 11. c3 Nb8 12. Ne5 Nfd7 13. Ndf3 Qc8 14.
Re1 Nc6 15. Nd3 b5 16. a4 b4 17. a5 bxc3 18. bxc3 Qa6 19. Qa4 Rac8 20. Re3 Nf6 21. Nd2 h6 22. Nb3 Ne4 23. Rc1 Qc4 24. Nb2 Qxa4 25.
Nxa4 g5 26. Bh2 f5 27. f3 f4 28. Re2 Rb8 29. Na1 Nd6 30. Rxe6 Rf6 31. Rxf6 Bxf6 32.
g3 Nc4 33. gxf4 gxf4 34. Bxf4 Re8 35. Kf1 N6xa5 36. Nc5 Kh7 37. Nc2 Nc6 38. Ra1 a5 39.
Na3 Nb2 40. Nb5 Nc4 41. Nd6 Nxd6 42. Bxd6 Re3 43. Rc1 Rxf3+ 44. Kg2 Rf5 45. Nd7 Bg5 46. Re1 Rf7 47. Ne5 Nxe5 48. dxe5 Kg6 49. e6 Rb7 50. e7 Bxe7 51. Bxe7 Rb2+ 52. Kg1 Rc2 53. Re3 a4 54.
Bb4 Rb2 55. Re6+ Kf5 56. Rd6 d4 57. Rxd4 Rb3 58. Rd6 a3 59. Ra6 Ke4 60. Kf2 Kd3 61. Rxa3 Rxa3 62. Bxa3 Kxc3 63. Ke3 Kc4 64. Ke4 h5 65.
Be7 h4 1-0

[Event "*** SCC Grand Prix: Titled Tuesday Blitz"]
[Site "Chess.com"]
[Date "2020.10.06"]
[Round "5"]
[White "burbur555"]
[Black "Pultis"]
[Result "0-1"]
[WhiteElo "2582"]
[BlackElo "2754"]
[TimeControl "180+1"]
[EndTime "10:58:25 PDT"]
[Termination "Pultis won on time"]

1. d4 Nf6 2. Nf3 g6 3. Bf4 Bg7 4. e3 O-O 5. Be2 d6 6. O-O Nbd7 7.
h3 Qe8 8. Bh2 e5 9. c3 Qe7 10. a4 a6 11. a5 Re8 12. Na3 Ne4 13. Nc4 Kh8 14. Qc2 f5 15. Rad1 exd4 16. cxd4 Ndf6 17.
Nfd2 Be6 18. Nxe4 Nxe4 19. Nd2 Nf6 20. Bf3 Rab8 21. Nb1 Qf7 22. Rc1 Rec8 23. Qa4 Bb3 24. Qb4 Be6 25. Nc3 Bc4 26. Rfd1 b5 27. d5 g5 28. b3 g4 29. bxc4 gxf3 30. gxf3 Qh5 31. Kg2 Rg8 32. Bg3 Nd7 33. cxb5 Nf8 34. f4 Ng6 35.
Qc4 Nh4+ 36. Kh2 Nf3+ 37. Kg2 Nh4+ 38. Kh2 axb5 39. Qe2 Nf3+ 40. Kg2 Bxc3 41. Qxf3 Qxf3+ 42. Kxf3 Bxa5 43. Ra1 Bb6 44. Rab1 Bc5 45. Bh4 Kg7 46. Rg1+ Kf7 47. Rxg8 Rxg8 48. Rxb5 Bb6 49. Bg3 Ra8 50. Rb3 Ra4 51. Rd3 Ke8 52. Ke2 Kd7 53. Kf3 Ra2 54. Bh4 Ra1 55. Bg3 Rh1 56. h4 Rc1 57. e4 fxe4+ 58.
Kxe4 Ke7 59. Kf5 Kf7 60. Kg5 Rc5 61. Kh6 Kg8 62. f5 Rc4 63. f6 Rg4 64. h5 Bd4 0-1

[Event "*** SCC Grand Prix: Titled Tuesday Blitz"]
[Site "Chess.com"]
[Date "2020.10.06"]
[Round "5"]
[White "pavelalexandru07"]
[Black "Ural_bogatyr"]
[Result "0-1"]
[WhiteElo "2236"]
[BlackElo "2379"]
[TimeControl "180+1"]
[EndTime "10:58:30 PDT"]
[Termination "Ural_bogatyr won by checkmate"]

1. b3 d5 2. Bb2 Nd7 3. Nf3 Ngf6 4. e3 e6 5. d4 Be7 6. Bd3 O-O 7. O-O b6 8. Nbd2 Bb7 9. Qe2 c5 10. c4 Ne4 11.
Rfd1 f5 12. Ne5 Qe8 13. Nxd7 Qxd7 14. Bxe4 fxe4 15. dxc5 bxc5 16. Nxe4 Qe8 17. Ng3 Qg6 18. Rac1 Rac8 19. Qd3 Qf7 20. Qe2 Bf6 21. cxd5 exd5 22.
Ba3 Be7 23. Rf1 Rfe8 24. Qd2 d4 25. exd4 Qd5 26. f3 Bf6 27. Bb2 cxd4 28. Rfd1 Rcd8 29.
Ne4 Be5 30. Qd3 Bf4 31. Rc2 Be3+ 32. Kh1 Qf5 33. Re2 Bxe4 34. fxe4 Qxe4 35. Qxe4 Rxe4 36. Bxd4 Rexd4 37. Rde1 Bg5 38. Re8+ Kf7 39. Rxd8 Rxd8 40. g3 Bf6 41. h4 Rd2 42. Rc1 Rxa2 43. Rc7+ Kg6 44. Rc6 Ra3 45. Rc7 Rxb3 46. Rxa7 Rxg3 47. Ra4 Rh3+ 48. Kg2 Rxh4 49. Ra6 Rh5 50. Kf3 Rg5 51.
Ra8 h5 52. Ra4 Rf5+ 53. Kg3 h4+ 54. Kh3 Rf3+ 55. Kh2 Kh5 56. Ra5+ g5 57. Ra8 Be5+ 58. Kg2 Rg3+ 59. Kf1 Kg4 60. Rg8 Bf4 61. Rb8 h3 62. Rb3 Rxb3 63. Kf2 Rb2+ 64. Ke1 Kf3 65. Kd1 Rd2+ 66.
Kc1 h2 67. Kb1 h1=Q# 0-1

[Event "*** SCC Grand Prix: Titled Tuesday Blitz"]
[Site "Chess.com"]
[Date "2020.10.06"]
[Round "5"]
[White "Zhigalko_Sergei"]
[Black "Gabrielian_Artur"]
[Result "1-0"]
[WhiteElo "2925"]
[BlackElo "2750"]
[TimeControl "180+1"]
[EndTime "10:58:31 PDT"]
[Termination "Zhigalko_Sergei won by resignation"]

1. e4 c5 2. Nf3 d6 3. d4 cxd4 4.
Qxd4 Nc6 5. Bb5 Bd7 6. Bxc6 Bxc6 7. Nc3 Nf6 8. Bg5 e6 9. O-O-O Be7 10. Rhe1 O-O 11. Kb1 h6 12. Bh4 Re8 13. h3 Qa5 14.
Qd2 Qa6 15. Nd4 b5 16. Qd3 Rab8 17. f4 Qb7 18. Bxf6 Bxf6 19. Nxc6 Qxc6 20. Qxd6 Qxd6 21. Rxd6 Bxc3 22. bxc3 Rec8 23. Ra6 Rb7 24. Re3 Rc4 25. a3 Kf8 26. Kb2 Ke7 27. Kb3 Rd7 28. Ra5 a6 29.
Rxa6 Rd1 30. Ra7+ Ke8 31. Rb7 Rb1+ 32. Ka2 Rc1 33. Kb2 Rg1 34. g3 Rc5 35. Rd3 Re1 36. Rdd7 Re3 37. Re7+ Kd8 38. Rxf7 Kc8 39. Rbe7 Kd8 40.
Ra7 Ke8 41. Rxg7 Kf8 42. Rh7 Kg8 43. Rag7+ Kf8 44. Rc7 Rxc7 45. Rxc7 Rxg3 46. Rc5 Rxh3 47. Rxb5 Kf7 48. a4 Rg3 49. a5 Rg8 50. Rb7+ Kf6 51. Kb3 h5 52. Kc4 h4 53. Rb1 Rc8+ 54. Kd4 Rd8+ 55. Kc5 e5 56. f5 Rc8+ 57. Kd6 Rd8+ 58.
Kc7 Rd2 59. a6 Rxc2 60. Ra1 Rxc3+ 61. Kb6 Rb3+ 62. Kc5 Rc3+ 63. Kd5 Rd3+ 64. Kc4 Rd4+ 65. Kc5 Rd8 66. a7 Ra8 67. Kb6 h3 68. Kb7 Rh8 69. a8=Q Rxa8 70. Kxa8 Kg5 71. Rh1 1-0

[Event "*** SCC Grand Prix: Titled Tuesday Blitz"]
[Site "Chess.com"]
[Date "2020.10.06"]
[Round "5"]
[White "Aleksey_Sorokin"]
[Black "blitzking1729"]
[Result "1-0"]
[WhiteElo "2819"]
[BlackElo "2540"]
[TimeControl "180+1"]
[EndTime "10:58:31 PDT"]
[Termination "Aleksey_Sorokin won by checkmate"]

1. d4 d5 2. c4 e6 3. Nf3 c5 4.
cxd5 exd5 5. g3 Nc6 6. Bg2 Nf6 7.
O-O Be7 8. Nc3 O-O 9. dxc5 Bxc5 10. a3 a6 11. b4 Ba7 12. Bg5 Be6 13. Bxf6 Qxf6 14. Nxd5 Bxd5 15. Qxd5 Rad8 16. Qg5 Nd4 17. Qxf6 Nxe2+ 18. Kh1 gxf6 19. Rae1 Rfe8 20. Nh4 b5 21. Bb7 Bxf2 22. Rxf2 Nxg3+ 23. hxg3 Rxe1+ 24. Kg2 Re6 25. Nf5 Rd3 26. Rc2 h5 27. Rc7 h4 28. Nxh4 Rxa3 29.
Bd5 Re2+ 30. Kh3 Kf8 31. Rxf7+ Ke8 32. Rxf6 Ree3 33. Nf5 Re5 34. Bc6+ Kd8 35. Rf7 Rd3 36. Kg4 Re6 37. Bg2 Re1 38. Ra7 Rb1 39. Rxa6 Rxb4+ 40. Kg5 Ra4 41. Rb6 Raa3 42. g4 Rab3 43. Bf1 Rd5 44. Rb7 Kc8 45. Rh7 Rd2 46. Kf6 Rf2 47. Rh1 Rbf3 48. Bxb5 Rf4 49. Rg1 Kc7 50. Be8 Kc8 51. Bg6 Kd8 52. g5 Kd7 53. Kg7 Rxf5 54. Bxf5+ Rxf5 55. g6 Rf2 56. Re1 Rf3 57. Kg8 Kd6 58. g7 Rf2 59. Rh1 Ke7 60. Kh8 Rg2 61. g8=Q Rxg8+ 62.
Kxg8 Ke6 63. Rf1 Kd5 64. Kf7 Kd4 65. Ke6 Kd3 66. Ke5 Kd2 67. Rf3 Kc2 68. Rh3 Kd2 69. Ke4 Kc2 70. Kd4 Kb2 71. Kc4 Kc2 72. Rh2+ Kd1 73.
Kd3 Ke1 74. Ra2 Kf1 75. Ke3 Kg1 76. Kf3 Kf1 77. Ra1# 1-0

[Event "*** SCC Grand Prix: Titled Tuesday Blitz"]
[Site "Chess.com"]
[Date "2020.10.06"]
[Round "5"]
[White "MikeSailer"]
[Black "JuliaEfremova"]
[Result "1/2-1/2"]
[WhiteElo "2082"]
[BlackElo "2324"]
[TimeControl "180+1"]
[EndTime "10:58:33 PDT"]
[Termination "Game drawn by stalemate"]

1. d4 Nf6 2. Bf4 g6 3. e3 Bg7 4. Nf3 c5 5. c3 b6 6. Be2 Bb7 7. h3 O-O 8. O-O d5 9. Nbd2 Nc6 10. Ne5 Nd7 11. Nxc6 Bxc6 12. Nf3 f6 13. b4 e5 14. dxe5 fxe5 15. Bg5 Bf6 16. Bxf6 Qxf6 17. bxc5 bxc5 18. Nh2 e4 19. Rb1 Ne5 20. Ng4 Nxg4 21. Bxg4 Rad8 22. Qc1 Bd7 23. Bxd7 Rxd7 24. Qa3 Qc6 25. Qa5 Rdf7 26. Qb5 Qd6 27. a4 d4 28. cxd4 cxd4 29. exd4 Qxd4 30.
Qb3 Kg7 31. Qb2 Qxb2 32. Rxb2 e3 33. f3 Re7 34. Rfb1 Rd8 35. Kf1 Kf6 36. Ke2 Rd4 37.
Rd1 Rxa4 38. Rd3 Ra1 39. Rxe3 Rxe3+ 40. Kxe3 a5 41. Rb6+ Kg5 42. Kf2 a4 43. Kg3 Kf5 44.
Rb5+ Ke6 45. Kg4 a3 46. Ra5 Kd6 47. g3 h6 48. Ra6+ Kc5 49. Rxg6 a2 50. Ra6 Kb5 51. Ra8 Kb6 52. Kh5 Kb7 53. Ra3 Kb6 54. Kxh6 Kb5 55. Kg5 Kb4 56. Ra8 Kb3 57. Kg4 Rc1 58. h4 a1=Q 59. Rxa1 Rxa1 60. f4 Kc4 61. Kg5 Kd5 62. g4 Ke6 63. f5+ Kf7 64. h5 Ra6 65. Kf4 Ra4+ 66.
Kg5 Kg7 67. h6+ Kh7 68. Kh5 Rf4 69. Kg5 Rxg4+ 70. Kxg4 Kxh6 71. Kf4 Kg7 72. Ke5 Kf7 73. f6 Kf8 74. Ke6 Ke8 75. f7+ Kf8 76. Kf6 1/2-1/2

[Event "*** SCC Grand Prix: Titled Tuesday Blitz"]
[Site "Chess.com"]
[Date "2020.10.06"]
[Round "5"]
[White "valeriocarnicelli"]
[Black "Viaje"]
[Result "1-0"]
[WhiteElo "2542"]
[BlackElo "2380"]
[TimeControl "180+1"]
[EndTime "10:58:35 PDT"]
[Termination "valeriocarnicelli won by checkmate"]

1. e4 c5 2. Nf3 d6 3. d4 cxd4 4. Nxd4 Nf6 5. Nc3 a6 6. f3 e5 7. Nb3 Be6 8. Be3 Be7 9. Qd2 O-O 10.
O-O-O Nbd7 11. g4 b5 12. g5 b4 13. Ne2 Ne8 14. f4 exf4 15. Bxf4 Ne5 16. Ned4 Qc7 17.
Bxe5 dxe5 18. Nxe6 fxe6 19. h4 Nd6 20. Bd3 a5 21. Kb1 a4 22. Nc1 b3 23. cxb3 axb3 24.
a3 Nc4 25. Bxc4 Qxc4 26. Qd3 Qc6 27. Nxb3 Rfb8 28. Rh3 Bxa3 29. Rc1 Qa4 30. Rc4 Bb4 31. Rf3 Rd8 32. Qc2 Qa2+ 33. Kc1 Bf8 34. h5 Rab8 35. g6 Rxb3 36. Rxb3 Qa1+ 37. Qb1 Rd1+ 38. Kxd1 Qxb1+ 39. Kd2 hxg6 40. hxg6 Qg1 41. Rc8 Qf2+ 42. Kc3 Qe3+ 43. Kc2 Qxe4+ 44. Rd3 Qxg6 45. Kd2 Qg2+ 46. Kc1 Qb7 47.
Rdd8 Qh1+ 48. Kc2 Qg2+ 49. Kc3 Qf3+ 50. Kc4 Qe4+ 51. Kb5 Qe2+ 52. Kc6 Qxb2 53. Rxf8+ Kh7 54. Kd7 Qb3 55. Ke7 e4 56. Kf7 Kh6 57. Rh8+ Kg5 58. Rc5+ Kf4 59. Rh4+ Ke3 60. Rh3+ Kd4 61. Rxb3 Kxc5 62.
Kxe6 Kd4 63. Kf5 e3 64. Kf4 e2 65. Rb1 Kd3 66. Kf3 g5 67. Kf2 g4 68. Re1 g3+ 69.
Kxg3 Kd2 70. Kf2 Kd3 71. Rxe2 Kd4 72. Kf3 Kc3 73. Ke3 Kc4 74. Rd2 Kc5 75. Ke4 Kb4 76. Kd4 Kb3 77. Kd3 Kb4 78. Rc2 Kb5 79. Kd4 Kb6 80.
Kd5 Kb5 81. Rb2+ Ka4 82. Kc4 Ka3 83. Rb8 Ka2 84. Kc3 Ka3 85. Ra8# 1-0

[Event "*** SCC Grand Prix: Titled Tuesday Blitz"]
[Site "Chess.com"]
[Date "2020.10.06"]
[Round "5"]
[White "dopolian"]
[Black "SophieNikoladze"]
[Result "1-0"]
[WhiteElo "2436"]
[BlackElo "2271"]
[TimeControl "180+1"]
[EndTime "10:58:36 PDT"]
[Termination "dopolian won by resignation"]

1. Nf3 b5 2. e4 Bb7 3. d3 e6 4.
Nc3 a6 5. g3 c5 6. Bg2 d6 7.
O-O Nd7 8. a4 Qb6 9. axb5 axb5 10. Rxa8+ Bxa8 11. Be3 b4 12. Ne2 Ngf6 13. c3 bxc3 14.
bxc3 Be7 15. Nd2 O-O 16. h3 d5 17. f4 Qb5 18. c4 Qb4 19. e5 Ne8 20. Qc2 Nc7 21.
Rb1 Qa5 22. Nb3 Qb6 23. Bf2 Rb8 24. Nc3 Qa7 25. Kh2 d4 26. Ne4 Na6 27. Be1 Nb4 28. Bxb4 Rxb4 29. Ra1 Ra4 30. Rxa4 Qxa4 31. Nxd4 Qxc2 32.
Nxc2 Bc6 33. Kg1 Kf8 34. Nc3 Bxg2 35. Kxg2 Nb6 36. Kf3 Ke8 37. Ke4 Kd7 38. Na1 Kc6 39. Nb3 g6 40. g4 Bh4 41. Na5+ Kd7 42. Nb7 Be7 43. Nb5 Na4 44. Na5 Nb2 45. Nc3 Kc7 46.
Nb3 Kd7 47. Nc1 Kc6 48. N1e2 Bh4 49. Nc1 Be1 50. N1e2 Bd2 51. h4 h6 52. h5 g5 53.
f5 Kb6 54. f6 Kc6 55. Nb5 Kd7 56. Nd6 Na4 57. Nxf7 Nc3+ 58. Nxc3 Bxc3 59. Nxh6 Ke8 60. f7+ Kf8 61. Ng8 Kxf7 62. Nf6 Kg7 63. Nd7 Bd4 64.
Nb6 Kf7 65. Nc8 Kg7 66. Nd6 Kh6 67. Nf7+ Kg7 68. Nxg5 Bc3 69. Nf3 Kh6 70. d4 cxd4 71.
Nxd4 Bb4 72. Nxe6 Be7 73. c5 Kh7 74. c6 Kh6 75. c7 Kh7 76. c8=Q 1-0

[Event "*** SCC Grand Prix: Titled Tuesday Blitz"]
[Site "Chess.com"]
[Date "2020.10.06"]
[Round "5"]
[White "esapunov"]
[Black "MrTattaglia"]
[Result "0-1"]
[WhiteElo "2646"]
[BlackElo "2886"]
[TimeControl "180+1"]
[EndTime "10:58:40 PDT"]
[Termination "MrTattaglia won on time"]

1. c4 Nf6 2. Nf3 e6 3. Nc3 c5 4. g3 b6 5. Bg2 Bb7 6. O-O Be7 7. Re1 O-O 8. e4 Nc6 9. e5 Ne8 10. d4 Nxd4 11. Nxd4 Bxg2 12. Nxe6 fxe6 13. Kxg2 Nc7 14. Ne4 b5 15. b3 bxc4 16. bxc4 Rf5 17. Bb2 Na6 18.
Bc3 Nb4 19. Qd2 Nc6 20. f4 Qc7 21. Rad1 Rd8 22. h4 Qb7 23. Kh3 h6 24. Rf1 Qa8 25.
Qe3 Qc8 26. g4 Rf7 27. h5 Qa6 28. f5 Qxc4 29. f6 Bf8 30. g5 hxg5 31. Nxg5 gxf6 32.
Nxf7 Kxf7 33. Rxf6+ Ke8 34. Qg3 d6 35. exd6 Bxd6 36. Rxd6 Rxd6 37. Rf3 Rd1 38. h6 Ne7 39. h7 Rh1+ 40. Kg2 Rxh7 41. Qb8+ Kd7 42. Qb7+ Kd6 43.
Qb8+ Kc6 44. Qa8+ Kb6 45. Qb8+ Ka6 46. Bd4 Qe2+ 47. Bf2 Rg7+ 48. Rg3 Qe4+ 49. Kg1 Rxg3+ 50. Bxg3 Qc6 51. Bf2 Nd5 52. Qb3 Nb6 53. Qa3+ Na4 54. Qb3 c4 55. Qb8 Nb6 56. Qe5 c3 57. Be3 c2 58.
Bc1 Qc4 59. Qe3 Qxa2 60. Kf2 Qc4 61. Ke1 Kb7 62. Kd2 Qc6 63. Qd3 Nc4+ 64. Ke2 Nb6 65.
Kd2 Nd5 66. Qxc2 Qxc2+ 67. Kxc2 Kb6 68. Kd3 Kc5 69. Ba3+ Kc6 70. Kd4 Nb6 71. Bb4 Nd7 0-1

[Event "*** SCC Grand Prix: Titled Tuesday Blitz"]
[Site "Chess.com"]
[Date "2020.10.06"]
[Round "5"]
[White "kngopal"]
[Black "venus02"]
[Result "0-1"]
[WhiteElo "2231"]
[BlackElo "2484"]
[TimeControl "180+1"]
[EndTime "10:58:40 PDT"]
[Termination "venus02 won on time"]

1. e4 c6 2. d4 d5 3. e5 Bf5 4.
Bd3 Bxd3 5. Qxd3 e6 6. Nf3 Ne7 7. O-O Nf5 8. c3 Be7 9. Nbd2 O-O 10. Re1 c5 11. Nf1 cxd4 12. cxd4 Nc6 13. Ne3 Nxe3 14. Bxe3 Rc8 15. Rac1 Qb6 16. b3 Nb4 17. Qe2 Qa5 18. a4 Na6 19. h4 Qb6 20. Qb2 Bb4 21. Red1 Qd8 22. g3 h6 23. Kg2 Qe7 24. Qe2 Ba3 25.
Rxc8 Rxc8 26. Rd2 Rc3 27. Qb5 Nb8 28. Qa5 Rxb3 29. Qxa7 Nc6 30. Qa8+ Qf8 31. Qxf8+ Kxf8 32. Ra2 Bb4 33. Nd2 Bxd2 34. Bxd2 Nxd4 35. a5 Rd3 36. Bb4+ Kg8 37. a6 bxa6 38. Rxa6 h5 39. Ra8+ Kh7 40.
Rf8 Kg6 41. Rg8 Kh7 42. Rf8 Nc6 43. Bd6 Kg6 44. Rg8 f6 45. exf6 Kxf6 46. f4 Rd2+ 47. Kh3 Kf7 48. Rf8+ Kg6 49. Re8 Re2 50. Rc8 Nd4 51.
Rg8 Nf5 52. Bf8 Kf7 53. Rh8 Re3 54. Kh2 Rxg3 55. Bc5 Rg4 56. Kh3 Rxh4+ 57. Kg2 Rxf4 58. Bd6 Rg4+ 59. Kf3 Nxd6 60. Rxh5 Rg6 61. Re5 Rf6+ 62. Ke2 Ne4 63. Rh5 Ng3+ 64. Ke3 Nxh5 0-1

[Event "*** SCC Grand Prix: Titled Tuesday Blitz"]
[Site "Chess.com"]
[Date "2020.10.06"]
[Round "5"]
[White "awesomevishesh"]
[Black "MasterMK73"]
[Result "1-0"]
[WhiteElo "2416"]
[BlackElo "2203"]
[TimeControl "180+1"]
[EndTime "10:58:40 PDT"]
[Termination "awesomevishesh won by resignation"]

1. e4 c5 2. Nf3 a6 3. c4 e6 4. Nc3 Qc7 5. d4 cxd4 6. Nxd4 Nf6 7. a3 b6 8. Be2 Bb7 9. f3 d6 10. Be3 Nbd7 11. O-O Be7 12. Qd2 O-O 13. Rfd1 Rfc8 14. Rac1 Qd8 15. b4 Rab8 16. Nb3 Qe8 17. Bf4 Ne5 18.
Bxe5 dxe5 19. Qe3 Ba8 20. Kh1 Nh5 21. g3 h6 22. Rc2 g5 23. Kg2 Ng7 24. Rcd2 Bf8 25.
Rh1 f5 26. exf5 Nxf5 27. Qf2 Bg7 28. Ne4 Rd8 29. Rhd1 Nd4 30. Nxd4 exd4 31. Bd3 Qh5 32. Re1 Rf8 33. g4 Qf7 34. Qg3 Rbd8 35. Rh1 e5 36. h4 Bxe4 37. Bxe4 Qf4 38. Qxf4 exf4 39. hxg5 hxg5 40.
Bd5+ Rxd5 41. cxd5 Rd8 42. Re1 Rxd5 43. Re7 d3 44. Rc7 Be5 45. Rc6 b5 46. Kf1 Ba1 47.
Rc1 Bg7 48. Rcd1 Be5 49. Rxd3 Rxd3 50. Rxd3 Kf7 51. Rd7+ Ke6 52. Ra7 Kd5 53. Rxa6 Kc4 54. Ke2 Kb3 55. Ra5 Bb2 56. Rxb5 Bxa3 57. Rxg5 Kxb4 58. Rf5 Bc1 59. g5 Kc4 60. g6 Bb2 61.
Rxf4+ Kd5 62. Rf7 Ke6 63. f4 Bc3 64. f5+ Kd6 65. g7 Bxg7 66. Rxg7 Ke5 67. Rf7 Kd6 68. Kf3 Ke5 69. Kg4 Kd6 70. Kg5 Ke5 71. Re7+ Kd6 1-0

[Event "*** SCC Grand Prix: Titled Tuesday Blitz"]
[Site "Chess.com"]
[Date "2020.10.06"]
[Round "5"]
[White "Rakesh"]
[Black "MFBerna"]
[Result "1-0"]
[WhiteElo "2494"]
[BlackElo "2299"]
[TimeControl "180+1"]
[EndTime "10:58:41 PDT"]
[Termination "Rakesh won by resignation"]

1. e4 c5 2. c3 d5 3. exd5 Qxd5 4. d4 Nc6 5. Nf3 Bg4 6. Be2 e6 7. h3 Bh5 8. Be3 cxd4 9. cxd4 Nf6 10. O-O Be7 11.
Nc3 Qd6 12. a3 O-O 13. Rc1 Rac8 14. Re1 Rfd8 15. Qd2 Bxf3 16. Bxf3 Nxd4 17. Bxd4 Qxd4 18. Qxd4 Rxd4 19. Nb5 Rxc1 20. Rxc1 Rd2 21. Rc8+ Bf8 22.
Bxb7 Rxb2 23. a4 g6 24. g3 Kg7 25. Bf3 a6 26. Nc7 a5 27. Nb5 Nd7 28. Rc7 Nb6 29. Nd4 Kf6 30. Nc6 Bc5 31. Nd8 Bxf2+ 32. Kf1 Bxg3 33. Rxf7+ Ke5 34. Nc6+ Kd6 35. Nd4 Nc4 36.
Nb5+ Kc5 37. Bg4 Ne3+ 38. Kg1 e5 39. Rc7+ Kb4 40. Rc1 Bf4 41. Re1 Rg2+ 42. Kh1 Rh2+ 43. Kg1 Rb2 44. Nd6 h5 45. Bf3 Kxa4 46. Ne4 Kb4 47. Nf2 Kc5 48. Nd3+ Kd4 49. Nxb2 Bg3 50. Re2 e4 51. Bg2 Nf5 52. Nd1 e3 53. Bf3 a4 54. Bg2 a3 55. Bc6 Bd6 56. Ra2 Ne7 57. Ba4 Nf5 58. Kf1 Ng3+ 59. Kg2 Ne4 60. Bc2 Nd2 61.
Bxg6 h4 62. Kg1 e2 63. Rxd2+ Ke5 64. Rxe2+ Kf6 65. Ra2 Kxg6 66. Kg2 Kf5 67. Ne3+ Ke4 68. Nc2 Kd3 69. Nxa3 Kc3 70. Nb5+ Kb3 1-0